 Dungeon Crawl Stone Soup version 0.32-a0-928-g1cae6b7ea0 (webtiles) character file.

Game seed: 17654006369082530143

126 hellokittymahmut the Conjurer (level 4, 0/24 HPs)
             Began as a Deep Elf Conjurer on Apr 13, 2024.
             Killed from afar by an orc wizard (6 damage)
             ... with a puff of flame
             ... on level 3 of the Dungeon.
             The game lasted 00:19:01 (2803 turns).

hellokittymahmut the Conjurer (Deep Elf Conjurer)   Turns: 2803, Time: 00:19:01

Health: 0/24       AC:  2    Str:  4    XL:     4   Next: 83%
Magic:  0/12       EV: 11    Int: 25    God:
Gold:   173        SH:  0    Dex: 13    Spells: 8/11 levels left

rFire   . . .        i - +0 quarterstaff
rCold   . . .        (shield currently unavailable)
rNeg    . . .        a - +0 robe
rPois   .            (no helmet)
rElec   .            (no cloak)
rCorr   .            (no gloves)
SInv    .            (no boots)
Will    .....        (no amulet)
Stlth   ++           (no ring)
HPRegen 0.24/turn    (no ring)
MPRegen 0.13/turn

%: no passive effects
@: no status effects
A: no striking features
a: no special abilities


You were on level 3 of the Dungeon.
You visited 1 branch of the dungeon, and saw 3 of its levels.

You collected 173 gold pieces.

Inventory:

Hand Weapons
 i - a +0 quarterstaff (weapon)
Missiles
 c - 18 stones
 p - 2 poisoned darts
Armour
 a - a +0 robe (worn)
 m - an orb of wrath
Scrolls
 g - a scroll of teleportation {unknown}
 j - 2 scrolls of identify
 k - a scroll of silence
 l - 2 scrolls of immolation {unknown}
Potions
 b - 2 potions of magic
 d - a potion of lignification {unknown}
 e - a potion of brilliance {unknown}
 f - a potion of heal wounds
 h - a potion of might {unknown}
 n - a potion of resistance {unknown}
 o - 2 potions of degeneration {unknown}


   Skills:
 + Level 0.1 Staves
 + Level 2.5 Dodging
 + Level 3.0 Stealth
 + Level 4.0 Spellcasting
 + Level 6.2 Conjurations


You had 8 spell levels left.
You knew the following spells:

 Your Spells              Type           Power      Damage    Failure   Level
a - Magic Dart            Conj           100%       1d8       1%          1
b - Searing Ray           Conj           72%        2d7       1%          2

Your spell library contained the following spells:

 Spells                   Type           Power      Damage    Failure   Level
 Fulminant Prism          Conj/Alch      10%        3d8       26%         4
 Iskenderun's Mystic Bla Conj/Tloc 20%            2d6        (+2d3     26%         4


Dungeon Overview and Level Annotations

Branches:
Dungeon (3/15)

Altars:

Shops:
D:1 ?


Message History

Press: ? - help, Shift-Dir - straight line The magic dart hits something!
Things that are here:
a +0 club; a goblin corpse
Casting: Magic Dart (safe; 1% risk of failure)
Confirm with . or Enter, or press ? or * to list all spells.
You don't know that spell.
Casting: Magic Dart (safe; 1% risk of failure)
Confirm with . or Enter, or press ? or * to list all spells.
Aiming: Magic Dart (safe; 1% risk of failure)
Press: ? - help, Shift-Dir - straight line The magic dart hits something.
You start resting.
Reactivating autopickup.
An orc wizard appears from thin air!
The orc wizard closely misses you.
You hit the orc wizard but do no damage.
The orc wizard is severely wounded.
The orc wizard barely misses you.
Casting: Magic Dart (safe; 1% risk of failure)
Confirm with . or Enter, or press ? or * to list all spells.
Aiming: Magic Dart (safe; 1% risk of failure)
Press: ? - help, Shift-Dir - straight line The magic dart hits the orc wizard.
The orc wizard is almost dead.
The orc wizard mumbles some strange words.
The orc wizard flickers and vanishes!
Deactivating autopickup; reactivate with Ctrl-A.
You closely miss something. Something hits you but does no damage.
Something hits you.
You miss something.
You hear some strange, mumbled words.
A magic dart appears from out of thin air!
The magic dart hits you.
You closely miss something. Something hits you.
* * * LOW HITPOINT WARNING * * *
You hit something but do no damage.
You hear some strange, mumbled words.
A puff of flame appears from out of thin air!
The puff of flame hits you.
You die...

#<# #.# #.# ###.#
#...# #.### #.#
#.# #.# #.# #@#
#.. #{# #.# #.#
#.# #.# #.#
#)############.###
#................#
##############.#.#
#.#.# #.#†#


There were no monsters in sight!

Vanquished Creatures
  An orc priest (D:3)
  Terence (D:2)
  An adder (D:3)
  3 dart slugs
  3 orcs (D:3)
  6 endoplasms
  A giant cockroach (D:2)
  7 goblins
  3 hobgoblins
  2 quokkas (D:1)
  9 ball pythons
  2 bats
  A frilled lizard (D:2)
  4 kobolds
  5 rats
49 creatures vanquished.

Notes
Turn   | Place    | Note
-------+----------+-------------------------------------------
     0 | D:1      | hellokittymahmut the Deep Elf Conjurer began the quest for
                  | the Orb.
     0 | D:1      | Reached XP level 1. HP: 10/10 MP: 6/6
   340 | D:1      | Reached XP level 2. HP: 15/15 MP: 4/8
   376 | D:1      | Learned a level 2 spell: Searing Ray
   456 | D:1      | Reached skill level 5 in Conjurations
   735 | D:1      | Found Sergh's Magic Scroll Shop.
   990 | D:1      | Reached XP level 3. HP: 19/19 MP: 3/9
  2081 | D:2      | Noticed Terence
  2085 | D:2      | Killed Terence
  2086 | D:2      | Reached XP level 4. HP: 18/24 MP: 3/11
  2187 | D:2      | Reached skill level 6 in Conjurations
  2803 | D:3      | Killed from afar by an orc wizard

Illustrated notes

Levels and vault maps discovered:
D:1:      lordsloth_arrival_two_stooges, layout_loops_ring, serial_shops, shop
D:2:      layout_loops_ring, minmay_tromino_v4_c, uniq_terence
D:3:      minmay_angry_zag, layout_loops_ring

Skill      XL: |  1  2  3  4 |
---------------+-------------+-----
Conjurations   | 5 6 |  6.2
Stealth        | 3 |  3.0
Spellcasting   | 4 |  4.0
Staves         | |  0.1
Dodging        | |  2.5

Action                     |  1- 3 |  4- 6 || total
---------------------------+-------+-------++-------
  Melee: Dagger            |     1 |       ||     1
         Unarmed           |     1 |       ||     1
         Short sword       |     2 |       ||     2
         Quarterstaff      |     2 |     6 ||     8
   Cast: Magic Dart        |    31 |    12 ||    43
         Searing Ray       |    26 |    13 ||    39
    Use: Potion            |     1 |       ||     1
         Scroll            |       |     1 ||     1
   Stab: Sleeping          |       |     1 ||     1
 Armour: Robe              |     7 |     8 ||    15
  Dodge: Dodged            |     8 |     7 ||    15

Table legend: (Time is in decaauts)
 A = Elapsed time spent in this place.
 B = Non-inter-level travel time spent in this place.
 C = Inter-level travel time spent in this place.
 D = Time resting spent in this place.
 E = Time spent auto-exploring this place.
 F = Levels seen in this place.
 G = Mean time per level.
                   A        B        C        D        E       F      G
               +--------+--------+--------+--------+--------+-----+--------+
         Total |   2803 |   2803 |      0 |    890 |    151 |   3 |  934.3 |
       Dungeon |   2803 |   2803 |      0 |    890 |    151 |   3 |  934.3 |
               +--------+--------+--------+--------+--------+-----+--------+

Top non-repeatable levels by time:
     D:1: 1233 daAuts
     D:2: 1107 daAuts
     D:3: 462 daAuts
